 Dungeon Crawl Stone Soup version 0.17-a0-1262-gd250d98 (webtiles) character file.

27 kidanger the Grave Robber (level 2, 6/22 HPs)
             Began as a Deep Dwarf Necromancer on June 6, 2015.
             Quit the game on level 1 of the Dungeon.
             The game lasted 00:04:55 (888 turns).

kidanger the Grave Robber (Deep Dwarf Necromancer)   Turns: 888, Time: 00:04:55

Health: 6/22       AC:  3    Str: 11    XL:     2   Next: 93%
Magic:  5/5        EV: 12    Int: 15    God:
Gold:   38         SH:  0    Dex: 13    Spells: 2 memorised, 3 levels left

rFire  . . .     SeeInvis .     (no weapon)
rCold  . . .     Clarity  .     m - +0 leather armour (curse)
rNeg   . . .     SustAt   .     (no shield)
rPois  .         Gourm    .     (no helmet)
rElec  .         Spirit   .     (no cloak)
rCorr  .         Warding  .     (no gloves)
rMut   .         Stasis   .     (no boots)
MR     .....                    (no amulet)
Stlth  ++........               (no ring)
                                j - ring of flight

@: non-regenerating, not resistant to hostile enchantments, unstealthy
A: damage resistance, recharge devices, sense surroundings 1, slow healing 3
a: Device Recharging, Evoke Flight


You were on level 1 of the Dungeon.
You were not hungry.

You visited 1 branch of the dungeon, and saw 1 of its levels.

You collected 38 gold pieces.

Inventory:

Armour
 a - a +0 robe
 i - a +0 leather armour
 m - a cursed +0 leather armour (worn)
Jewellery
 j - a ring of flight (left hand)
Magical devices
 c - a wand of heal wounds (5)
Scrolls
 h - a scroll of teleportation
 k - 2 scrolls of identify
Potions
 e - a potion of mutation {unknown}
 l - a potion of brilliance {unknown}
Books
 b - a book of Necromancy

   Spells                             Type                      Level
   a - Pain                           Necromancy                   1
   b - Animate Skeleton               Necromancy                   1
   c - Vampiric Draining              Necromancy                   3
   d - Regeneration                   Charms/Necromancy            3
   e - Animate Dead                   Necromancy                   4
   f - Control Undead                 Necromancy                   4
Comestibles
 d - 2 bread rations
 f - 2 chunks of flesh
 g - a fruit


   Skills:
 + Level 2.5 Dodging
 + Level 2.5 Stealth
 + Level 2.1 Spellcasting
 + Level 5.0 Necromancy


You had 3 spell levels left.
You knew the following spells:

 Your Spells              Type           Power        Failure   Level  Hunger
a - Pain                  Necr           ###.         3%          1    #......
b - Animate Skeleton      Necr           N/A          3%          1    #......


Dungeon Overview and Level Annotations

Branches:
Dungeon (1/15)

Altars:


Innate Abilities, Weirdness & Mutations

You are resistant to damage.
You can recharge devices by infusing magical energy.
You passively map a small area around you.
You do not heal naturally.


Message History

You see here a glowing leather armour.
m - a glowing leather armour Wear which item? (? for menu, Esc to quit)
You start removing your armour.
You continue taking off your +0 robe.
You continue taking off your +0 robe. x3
You finish taking off your +0 robe.
You start putting on your armour.
You continue putting on your glowing leather armour. x5
You finish putting on your cursed +0 leather armour.
Oops, that feels deathly cold.
Read which item? (? for menu, Esc to quit)
Okay, then.
Read which item? (? for menu, Esc to quit)
As you read the scroll labeled XEMOILEORI, it crumbles to dust.
It is a scroll of identify.
Identify which item? (\ to view known items) (? for menu, Esc to quit)
h - a scroll of teleportation Quiver which item? (- for none, * to show all) (? for menu, Esc to quit)
Okay, then.
Are you sure you want to abandon this character and quit the game? (Confirm with "yes".)

.#.###.##..#.#.#
,*
.#.#>##.#......#
*
.#.##.#.#.####.#
.##..##.#.# #.#
#.####.##.# #.#
##....###.# #.#
* ###### #.# #.#
#.# #.####.##
#.# #..@....#
#########.##
#########
.....).....#
#........#.#
#........#.#
#........#.#
#######'##.#
#.##.# #.##.#


There were no monsters in sight!

Vanquished Creatures
  An ooze (D:1)
  A giant gecko (D:1)
  A giant cockroach (D:1)
  5 goblins (D:1)
  4 hobgoblins (D:1)
  3 bats (D:1)
  5 kobolds (D:1)
  4 rats (D:1)
24 creatures vanquished.

Notes
Turn   | Place    | Note
--------------------------------------------------------------
     0 | D:1      | kidanger the Deep Dwarf Necromancer began the quest for the Orb.
     0 | D:1      | Reached XP level 1. HP: 15/15 MP: 3/3
   322 | D:1      | Learned a level 1 spell: Animate Skeleton
   349 | D:1      | Reached XP level 2. HP: 19/22 MP: 0/4
   685 | D:1      | Reached skill level 5 in Necromancy
   888 | D:1      | Quit the game

Vault maps used:
D:1:      roderic_lyre, minmay_stone_trees_small

Action                   || total
-------------------------++-------
Melee: Unarmed           ||     8
 Cast: Pain              ||    39
       Animate Skeleton  ||     2
  Use: Scroll            ||     1
 Stab: Sleeping          ||     1
  Eat: Chunk             ||     1
